 Dungeon Crawl Stone Soup version 0.26.0-3-g156281e41b (webtiles) character file.

Game seed: 2046463315573252222

2212569 Saltbearer the Champion of Chaos (level 24, 252/252 HPs)
             Began as a Deep Dwarf Fighter on Jan 9, 2021.
             Was the Champion of Makhleb.
             Escaped with the Orb
             ... and 3 runes!
             The game lasted 01:18:37 (39861 turns).

Saltbearer the Champion of Chaos (DDFi)            Turns: 39861, Time: 01:18:37

Health: 252/252    AC: 27    Str: 29 (30) XL:     24   Next: 75%
Magic:  3/3        EV: 10    Int:  9 (10) God:    Makhleb [******]
Gold:   5010       SH: 22    Dex: 10 (12) Spells: 23/23 levels left

rFire    + . .     SeeInvis +   a - +9 broad axe (freeze)
rCold    + . .     Faith    .   b - +1 tower shield
rNeg     + + .     Spirit   .   e - +0 gold dragon scales
rPois    +         Reflect  .   S - +2 hat {SInv}
rElec    +         Harm     .   t - scarf {shadows}
rCorr    .         Rampage  .   A - +0 pair of gloves of Honour {rPois rC- Regen+ Str-3}
Will     +++..                  G - +2 pair of boots
Stlth    ..........             B - amulet "Keafog" {Acrobat +Blink rElec rN+ Str-2}
HPRegen  0.00/turn              U - ring "Tyeloh" {rC+ EV+4 Str+4}
MPRegen  0.08/turn              X - +4 ring of slaying

@: non-regenerating
A: damage resistance, heal wounds, antennae 1, negative energy resistance 1,
sense surroundings 3, no regeneration
0: Orb of Zot
}: 3/15 runes: decaying, serpentine, silver
a: Heal Wounds, Renounce Religion, Evoke Blink, Minor Destruction, Lesser
Servant of Makhleb, Major Destruction, Greater Servant of Makhleb


You escaped.
You worshipped Makhleb.
Makhleb was exalted by your worship.
You visited 9 branches of the dungeon, and saw 47 of its levels.
You also visited: Trove, Ossuary and Volcano.

You collected 8725 gold pieces.
You spent 3715 gold pieces at shops.

Inventory:

Hand Weapons
 a - a +9 broad axe of freezing (weapon)
Missiles
 x - 5 silver javelins
 T - 19 boomerangs
 W - 22 javelins
Armour
 b - a +1 tower shield (worn)
 d - a +10 plate armour of willpower
 e - +0 gold dragon scales (worn)
 t - a scarf of shadows (worn)
 A - the +0 pair of gloves of Honour (worn) {rPois rC- Regen+ Str-3}
   (You found it on level 4 of the Swamp)

   It affects your strength (-3).
   It makes you vulnerable to cold.
   It protects you from poison.
   It increases your rate of regeneration.
 G - a +2 pair of boots (worn)
 S - a +2 hat of see invisible (worn)
Jewellery
 h - an uncursed ring of poison resistance
 y - an uncursed ring of protection from fire
 B - the amulet "Keafog" (around neck) {Acrobat +Blink rElec rN+ Str-2}
   (You acquired it on level 1 of the Vaults)

   [amulet of the acrobat]

   It helps you evade while moving and waiting.
   It affects your strength (-2).
   It insulates you from electricity.
   It protects you from negative energy.
   It lets you blink.
 F - an uncursed ring of protection from cold
 N - an uncursed ring of willpower
 U - the ring "Tyeloh" (left hand) {rC+ EV+4 Str+4}
   (You found it on level 15 of the Dungeon)

   [ring of evasion]

   It affects your evasion (+4).
   It affects your strength (+4).
   It protects you from cold.
 X - a +4 ring of slaying (right hand)
Wands
 r - a wand of digging (17)
 J - a wand of acid (16) (quivered)
 P - a wand of disintegration (28)
 Q - a wand of paralysis (62)
 Y - a wand of iceblast (24)
Scrolls
 f - 22 scrolls of remove curse
 l - 9 scrolls of fear
 m - 21 scrolls of teleportation
 n - a scroll of magic mapping
 D - a scroll of fog
 M - 27 scrolls of identify
 O - 2 scrolls of silence
Potions
 g - 2 potions of heal wounds
 i - 9 potions of flight
 j - 6 potions of lignification
 k - a potion of invisibility
 p - 4 potions of haste
 v - 5 potions of ambrosia
 z - 3 potions of resistance
 C - 21 potions of curing
 E - 6 potions of mutation
 L - 6 potions of brilliance
 Z - 5 potions of might
Miscellaneous
 c - a tin of tremorstones (2/2)
 o - a phantom mirror
 H - a condenser vane
 K - a phial of floods
 V - a lightning rod (4/4)


   Skills:
 - Level 22.0 Fighting
 - Level 20.0 Axes
 - Level 15.0 Armour
 - Level 4.0 Dodging
 - Level 15.0 Shields
 O Level 27 Invocations
 + Level 17.1 Evocations


You had 23 spell levels left.
You didn't know any spells.
Your spell library contained the following spells:

 Spells                   Type           Power        Failure   Level
 Animate Skeleton         Necr           0%           100%        1
 Apportation              Tloc           0%           100%        1
 Beastly Appendage        Tmut           0%           100%        1
 Corona                   Hex            0%           100%        1
 Pain                     Necr           0%           100%        1
 Sandblast                Erth           0%           100%        1
 Shock                    Conj/Air       0%           100%        1
 Summon Small Mammal      Summ           0%           100%        1
 Corpse Rot               Necr/Air       N/A          100%        2
 Ensorcelled Hibernation  Hex/Ice        0%           100%        2
 Passwall                 Tmut/Erth      0%           100%        2
 Poisonous Vapours        Pois/Air       0%           100%        2
 Slow                     Hex            0%           100%        2
 Sublimation of Blood     Necr           0%           100%        2
 Swiftness                Air            0%           100%        2
 Wereblood                Tmut           0%           100%        2
 Confusing Touch          Hex            0%           100%        3
 Conjure Flame            Conj/Fire      0%           100%        3
 Dazzling Flash           Conj/Hex       0%           100%        3
 Gell's Gravitas          Tloc           0%           100%        3
 Inner Flame              Hex/Fire       0%           100%        3
 Lesser Beckoning         Tloc           0%           100%        3
 Mephitic Cloud           Conj/Pois/Air  0%           100%        3
 Portal Projectile        Hex/Tloc       0%           100%        3
 Spider Form              Tmut/Pois      0%           100%        3
 Static Discharge         Conj/Air       0%           100%        3
 Stone Arrow              Conj/Erth      0%           100%        3
 Tukima's Dance           Hex            0%           100%        3
 Vampiric Draining        Necr           0%           100%        3
 Airstrike                Air            0%           100%        4
 Animate Dead             Necr           0%           100%        4
 Cause Fear               Hex            0%           100%        4
 Dispel Undead            Necr           0%           100%        4
 Ice Form                 Ice/Tmut       0%           100%        4
 Leda's Liquefaction      Hex/Erth       0%           100%        4
 Passage of Golubria      Tloc           N/A          100%        4
 Petrify                  Tmut/Erth      0%           100%        4
 Sticky Flame             Conj/Fire      0%           100%        4
 Agony                    Necr           0%           100%        5
 Alistair's Intoxication  Tmut/Pois      0%           100%        5
 Blade Hands              Tmut           0%           100%        5
 Bolt of Magma            Conj/Fire/Erth 0%           100%        5
 Borgnjor's Vile Clutch   Necr/Erth      0%           100%        5
 Excruciating Wounds      Necr           0%           100%        5
 Iskenderun's Battlesphe  Conj           0%           100%        5
 Lee's Rapid Deconstruct  Erth           0%           100%        5
 Lightning Bolt           Conj/Air       0%           100%        5
 Metabolic Englaciation   Hex/Ice        0%           100%        5
 Silence                  Hex/Air        0%           100%        5
 Yara's Violent Unravell  Hex/Tmut       0%           100%        5
 Freezing Cloud           Conj/Ice/Air   0%           100%        6
 Invisibility             Hex            0%           100%        6
 Iron Shot                Conj/Erth      0%           100%        6
 Ozocubu's Refrigeration  Ice            0%           100%        6
 Shadow Creatures         Summ           N/A          100%        6
 Simulacrum               Ice/Necr       0%           100%        6
 Orb of Destruction       Conj           0%           100%        7
 Spellforged Servitor     Conj/Summ      0%           100%        7


Dungeon Overview and Level Annotations

Branches:
Dungeon (15/15)            Temple (1/1) D:5            Lair (6/6) D:10
  Swamp (4/4) Lair:4        Snake (4/4) Lair:4        Slime (0/5) Lair:6
    Orc (2/2) D:11            Elf (0/3) Orc:2        Vaults (5/5) D:14
  Crypt (0/3) Vaults:3     Depths (5/5) D:15            Zot (5/5) Depths:5
Ossuary (visited)         Volcano (visited)

Altars:
Ashenzari
Cheibriados
Dithmenos
Elyvilon
Fedhas
Gozag
Hepliaklqana
Kikubaaqudgha
Makhleb
Nemelex Xobeh
Okawaru
Qazlal
Ru
Sif Muna
Trog
Uskayaw
Vehumet
Wu Jian
Xom
Yredelemnul
Zin
The Shining One
Beogh
Lugonu

Shops:
D:5 *[[   D:13 (   D:15 ((:   Orc:1 (?   Orc:2 (?}*}   Snake:1 (   Vaults:1 :(
Vaults:4 ?   Vaults:5 !   Depths:2 :

Portals:
Hell: Depths:1 Depths:2 Depths:3 Depths:4 Depths:5
Abyss: Depths:1 Depths:4
Pandemonium: Orc:2 Depths:1 Depths:3 Depths:5
Ziggurat: Depths:2

Annotations:
D:5 1 runed translucent door, Crazy Yiuf
D:15 1 transporter
Swamp:4 Roxanne
Snake:4 1 runed translucent door, Gygal Fez's ghost, adept MiFi
Zot:5 Tiamat


Innate Abilities, Weirdness & Mutations

You are resistant to damage.
You can heal yourself by infusing magical energy.
You resist negative energy. (rN+)
You passively map a large area around you.
You do not regenerate.
You have a pair of small antennae on your head.


Message History

What level of the Dungeon? (default 1, ? - help)
You see here 32 bolts.
Items here: )))).
T - 19 boomerangs (gained 3)
There is a stone staircase leading up here.
You climb upwards.
There is a stone staircase leading down here.
There is a stone staircase leading up here.
You climb upwards.
There is a stone staircase leading down here.
You see here a hunting sling.
There is a stone staircase leading up here.
You climb upwards.
There is a stone staircase leading down here.
There is a stone staircase leading up here.
You climb upwards.
There is a stone staircase leading down here.
There is an open door here.
There is a staircase leading out of the dungeon here.
You have escaped!

#.# #.....########.[......#
#.# ##...............######
#.# #.#####..######.# #.#
#...###8'8###...# #.#
#.(##≈≈≈.≈≈≈##..# #.#
#.##≈≈≈.P.≈≈≈##.# #.#
###≈≈P..8..P≈≈### #.#
#≈≈≈.......≈≈≈# #.#
#≈P.8..@..8.P≈# #.#
#≈≈≈.......≈≈≈# #.#
###≈≈P..8..P≈≈### #.#
#.##≈≈≈.P.≈≈≈##.# #.#
#..##≈≈≈.≈≈≈##..#
#.######...###8'8###...#
#.#......### ##.## ##..#
#.#...†..######.#####.######
#.............#............#


There were no monsters in sight!

Vanquished Creatures
  An ancient lich (Zot:4)
  Bai Suzhen (Vaults:5)
  2 curse toes
  3 golden dragons
  Vashnia (Snake:2)
  2 caustic shrikes (Depths:4)
  Jory (Depths:3)
  A pearl dragon (Depths:1)
  6 tentacled monstrosities
  7 Orb Guardians
  6 quicksilver dragons
  4 liches
  A titan (Depths:4)
  7 death cobs
  Agnes (Snake:2)
  A shadow dragon (Zot:4)
  8 nagarajas
  7 storm dragons
  8 draconian monks
  3 fenstrider witches (Swamp:4)
  8 fire giants
  8 frost giants
  2 tengu reavers (Vaults:5)
  A ghost moth (Zot:2)
  2 large abominations (Vaults:5)
  A cacodemon (Depths:1)
  8 vault wardens
  5 draconian scorchers
  Aizul (Snake:2)
  2 draconian stormcallers
  2 spriggan defenders (Depths:4)
  11 ironheart preservers
  14 very ugly things
  2 reapers
  24 stone giants
  An ophan (Depths:1)
  5 draconian annihilators
  A deep elf demonologist (Vaults:5)
  4 green draconians
  An apis (Depths:1)
  13 red draconians
  10 black draconians
  2 vampire knights
  6 yellow draconians
  Nessos (D:15)
  10 purple draconians
  3 deep elf annihilators
  A bunyip (Swamp:1)
  3 spark wasps
  5 entropy weavers
  Azrael (D:15)
  5 white draconians
  A blizzard demon (Swamp:4)
  A merfolk javelineer (Depths:1)
  10 ettins
  An eleionoma (Swamp:3)
  A deep elf death mage (Vaults:5)
  A merfolk impaler (Depths:1)
  4 fire dragons
  A green death (Swamp:4)
  A deep elf high priest (D:15)
  5 jiangshi
  8 yaktaur captains
  6 great orbs of eyes
  24 naga warriors
  8 boulder beetles
  32 vault guards
  14 hydras
  5 rakshasas
  5 ice dragons
  A spriggan air mage (Depths:4)
  9 anacondas
  34 two-headed ogres
  An alligator (Swamp:4)
  13 centaur warriors
  4 death knights
  A ghost crab (Swamp:4)
  14 ogre magi
  2 catoblepae
  11 deep troll shamans
  9 death yaks
  3 hell hogs (D:6)
  8 tengu warriors
  9 deep troll earth magi
  A dancing weapon (Vaults:5)
  10 shock serpents
  4 orc high priests (Orc:2)
  2 spriggan berserkers (Depths:3)
  Urug (Lair:3)
  A sun demon (D:9)
  2 vampire magi
  15 naga sharpshooters
  A soul eater (Swamp:4)
  5 deep elf knights
  A storm dragon zombie (Depths:3)
  A shadow wraith (Vaults:3)
  8 iron trolls
  6 hell knights (Depths:4)
  8 salamander mystics
  A storm dragon skeleton (Vaults:1)
  A death drake (Depths:5)
  2 goliath frogs (Swamp:3)
  11 skeletal warriors
  A small abomination (Vaults:5)
  A sixfirhy (Depths:1)
  An infernal demonspawn (Orc:2)
  7 unseen horrors
  39 deep trolls
  4 glowing orange brains
  A torturous demonspawn (Depths:5)
  2 unseen horrors (shapeshifter)
  10 wizards
  11 deep elf archers
  7 naga ritualists
  3 bog bodies
  5 spriggan druids
  4 gelid demonspawn
  Pikel (D:6)
  5 swamp dragons (Swamp:4)
  5 lindwurms (Depths:5)
  14 ironbrand convokers
  4 phantasmal warriors
  14 orc knights
  2 harpies (shapeshifter)
  A golden dragon skeleton (Depths:1)
  9 necromancers
  15 mana vipers
  A lindwurm (shapeshifter) (Vaults:5)
  8 harpies
  An anaconda skeleton (Volcano)
  7 manticores
  9 wolf spiders
  14 orc sorcerers
  A faun (shapeshifter) (Depths:3)
  14 deep elf magi
  5 moths of wrath
  A stone giant zombie (Vaults:1)
  10 ugly things
  23 salamanders
  55 black mambas
  9 cyclopes
  A frost giant skeleton (Depths:3)
  An iron dragon skeleton (Depths:3)
  A human skeleton (Vaults:4)
  A titan simulacrum (Depths:1)
  A spriggan zombie (Depths:1)
  5 guardian serpents
  A rust devil (Depths:1)
  17 elephants
  A smoke demon (Depths:3)
  19 vault sentinels
  5 gargoyles
  24 naga magi
  A torpor snail (Lair:2)
  6 orange demons
  Maggie (D:7)
  A hellion (Depths:2)
  15 cane toads
  2 kobold demonologists
  10 freezing wraiths
  7 rime drakes
  A komodo dragon (shapeshifter) (D:15)
  44 yaktaurs
  A yaktaur skeleton (Vaults:4)
  An ice devil (Depths:3)
  3 red devils
  12 komodo dragons
  2 hellwings
  2 yaktaurs (shapeshifter)
  4 jumping spiders
  10 trolls
  A troll (shapeshifter) (Vaults:3)
  6 tengu conjurers
  3 polar bears
  3 wind drakes (Depths:5)
  Grinder (D:3)
  9 hornets
  6 tyrant leeches
  A sphinx simulacrum (Depths:3)
  2 harpy skeletons
  A tengu simulacrum (Depths:1)
  Prince Ribbit (D:7)
  An ettin zombie (Vaults:1)
  A dream sheep (Lair:5)
  3 blink frogs (Lair:2)
  22 slime creatures
  A frost giant simulacrum (Depths:1)
  A stone giant simulacrum (Vaults:4)
  A human simulacrum (Vaults:1)
  6 redbacks (Vaults:4)
  A ynoxinul (Orc:2)
  Sigmund (D:4)
  An alligator skeleton (Volcano)
  3 flying skulls (Volcano)
  4 wraiths
  9 spriggans
  5 vampires
  9 wyverns
  A water elemental (Depths:1)
  3 shadows
  A hog (shapeshifter) (Depths:2)
  91 yaks
  2 basilisks
  A tarantella (shapeshifter) (D:14)
  A tarantella (Vaults:1)
  4 fire elementals
  3 fire bats (Depths:2)
  10 vampire mosquitoes
  5 chaos spawn
  3 neqoxecs
  Menkaure (D:4)
  8 wargs
  68 nagas
  2 soldier ants (shapeshifter)
  4 acid dragons
  2 nagas (shapeshifter)
  A soldier ant (D:13)
  4 floating eyes
  4 swamp worms
  22 water moccasins
  4 hell hounds
  3 hornet zombies
  10 ice beasts
  42 orc warriors
  5 swamp drakes
  6 sky beasts
  An ettin simulacrum (Vaults:1)
  2 eyes of draining (shapeshifter)
  5 black bears
  33 ogres
  3 eyes of draining
  A phantom (D:14)
  An ogre (shapeshifter) (Vaults:1)
  9 boggarts
  3 necrophages
  46 wolves
  An orc skeleton (Vaults:1)
  21 centaurs
  4 big kobolds
  23 bullfrogs
  2 wyvern zombies
  3 wyvern skeletons
  3 scorpions
  22 killer bees
  10 wights
  A troll skeleton (Volcano)
  A spriggan skeleton (Volcano)
  An electric eel (Lair:4)
  12 howler monkeys
  3 centaur zombies (Ossuary)
  2 bullfrog zombies
  2 crimson imps
  7 quasits
  5 hounds
  3 bullfrog skeletons
  5 jellies
  A gnoll shaman (D:8)
  47 orc priests
  7 centaur skeletons
  An iron imp (Depths:5)
  28 orc wizards
  5 iguanas
  7 hell rats (Lair:3)
  16 worker ants
  Terence (D:3)
  A killer bee zombie (D:5)
  4 big kobold zombies (Ossuary)
  2 hound zombies (D:8)
  2 hound skeletons
  5 mummies (Ossuary)
  Robin (D:4)
  18 adders
  2 shadow imps
  4 white imps
  8 ufetubi
  An ooze (Lair:6)
  An adder skeleton (D:6)
  A worm (D:4)
  A dart slug (D:3)
  5 leopard geckos
  135 orcs
  4 ball pythons
  9 giant cockroaches
  2 gnoll zombies (D:7)
  18 goblins
  12 hobgoblins
  14 jackals
  2 quokkas
  10 bats
  9 frilled lizards
  2 hobgoblin zombies (Ossuary)
  17 kobolds
  A leopard gecko skeleton (D:4)
  6 rats
  A crawling corpse (Vaults:5)
2146 creatures vanquished.

Vanquished Creatures (collateral kills)
  A pandemonium lord (Zot:4)
  Jorgrun (D:15)
  A chaos spawn (Zot:4)
3 creatures vanquished.

Vanquished Creatures (others)
  A draconian knight (Zot:1)
  A black mamba (Lair:6)
  A komodo dragon (shapeshifter) (Depths:1)
  A yaktaur (Vaults:4)
  A troll (D:12)
  A bloated husk (Swamp:4)
  An orc warrior (Vaults:3)
  A crimson imp (Depths:2)
  A quokka (D:14)
  38 fungi
  35 plants
  2 withered plants (Snake:4)
84 creatures vanquished.

Grand Total: 2233 creatures vanquished

Notes
Turn   | Place    | Note
-------+----------+-------------------------------------------
     0 | D:1      | Saltbearer the Deep Dwarf Fighter began the quest for the
                  | Orb.
     0 | D:1      | Reached XP level 1. HP: 20/20 MP: 1/1
   176 | D:1      | Reached XP level 2. HP: 28/28 MP: 2/2
   751 | D:2      | Reached XP level 3. HP: 25/34 MP: 3/3
   993 | D:2      | Found a blossoming altar of Fedhas.
  1345 | D:3      | Noticed Terence
  1366 | D:3      | Killed Terence
  1367 | D:3      | Reached XP level 4. HP: 37/42 MP: 3/3
  1402 | D:3      | Reached skill level 5 in Axes
  1470 | D:3      | Noticed Grinder
  1477 | D:3      | Paralysed by Grinder for 6 turns
  1506 | D:3      | Killed Grinder
  1507 | D:3      | Reached XP level 5. HP: 45/49 MP: 3/3
  1507 | D:3      | Reached XP level 6. HP: 52/56 MP: 4/4
  1983 | D:3      | Found a sacrificial altar of Ru.
  1985 | D:3      | Found a broken altar of Ashenzari.
  2101 | D:4      | Found a sand-covered staircase.
  2110 | Ossuary  | Entered an ossuary
  2140 | Ossuary  | Reached XP level 7. HP: 58/62 MP: 5/5
  2687 | D:4      | Noticed Menkaure
  2696 | D:4      | Killed Menkaure
  2697 | D:4      | Reached skill level 5 in Fighting
  2830 | D:4      | Noticed Sigmund
  2830 | D:4      | Noticed Robin
  2889 | D:4      | Killed Sigmund
  2890 | D:4      | Reached XP level 8. HP: 64/76 MP: 5/5
  2899 | D:4      | Killed Robin
  2914 | D:4      | Reached skill level 1 in Dodging
  3108 | D:5      | Entered Level 5 of the Dungeon
  3124 | D:5      | Found Zocivauw's Antique Armour Shop.
  3287 | D:5      | Found Ipruusugoc's Armour Shoppe.
  3316 | D:5      | Found Lydy's General Store.
  3342 | D:5      | Bought a potion of curing for 36 gold pieces
  3342 | D:5      | Bought a scroll of teleportation for 36 gold pieces
  3342 | D:5      | Bought a scroll of identify for 24 gold pieces
  3342 | D:5      | Bought a scroll of fog for 24 gold pieces
  3448 | D:5      | Found a hide-covered altar of Uskayaw.
  3561 | D:5      | Found a staircase to the Ecumenical Temple.
  3567 | Temple   | Entered the Ecumenical Temple
  3841 | D:5      | Found a runed translucent door.
  3842 | D:5      | Noticed Crazy Yiuf
  4115 | D:6      | Reached skill level 10 in Axes
  4115 | D:6      | Gained mutation: You passively map the area around you.
                  | [Deep Dwarf growth]
  4115 | D:6      | Reached XP level 9. HP: 58/82 MP: 3/3
  4150 | D:6      | Noticed Pikel
  4162 | D:6      | Killed Pikel
  5038 | D:7      | Noticed Prince Ribbit
  5557 | D:7      | Noticed Maggie
  5565 | D:7      | Killed Maggie
  5656 | D:7      | Found a basalt altar of Yredelemnul.
  5699 | D:7      | Found a bloodstained altar of Trog.
  5700 | D:7      | Found a burning altar of Makhleb.
  5706 | D:7      | Became a worshipper of Makhleb the Destroyer
  5814 | D:7      | Killed Prince Ribbit
  5912 | D:7      | Found an iron altar of Okawaru.
  5912 | D:7      | Found an opulent altar of Gozag.
  6015 | D:8      | Reached XP level 10. HP: 68/91 MP: 4/4
  6206 | D:8      | Reached * piety under Makhleb
  6569 | D:8      | Reached skill level 1 in Invocations
  6583 | D:8      | Reached skill level 2 in Invocations
  6647 | D:8      | Reached skill level 3 in Invocations
  7284 | D:9      | Reached skill level 4 in Invocations
  7292 | D:9      | Reached skill level 5 in Invocations
  7297 | D:9      | Reached skill level 6 in Invocations
  7306 | D:9      | Reached ** piety under Makhleb
  7333 | D:9      | Reached skill level 7 in Invocations
  7371 | D:9      | Reached skill level 8 in Invocations
  7409 | D:9      | Noticed a death yak
  7454 | D:9      | Killed a death yak
  7455 | D:9      | Reached skill level 9 in Invocations
  7464 | D:9      | Reached XP level 11. HP: 64/97 MP: 9/9
  7480 | D:9      | Reached skill level 10 in Invocations
  7693 | D:9      | Found a sparkling altar of Nemelex Xobeh.
  7783 | D:9      | Reached *** piety under Makhleb
  7971 | D:9      | Got a faintly glowing scale mail
  7982 | D:9      | Identified the +5 scale mail of Misanthropy {+Blink rF+ rN+
                  | Str-5} (You found it on level 9 of the Dungeon)
  8031 | D:9      | Found a shimmering altar of Xom.
  8116 | D:10     | Entered Level 10 of the Dungeon
  8245 | D:10     | Reached skill level 1 in Evocations
  8576 | D:10     | Found a staircase to the Lair.
  8922 | D:11     | Reached **** piety under Makhleb
  8952 | D:11     | Noticed a green ugly thing
  8965 | D:11     | Noticed a boulder beetle
  8967 | D:11     | Killed a green ugly thing
  8979 | D:11     | Killed an unseen horror
  8980 | D:11     | Reached skill level 5 in Evocations
  8992 | D:11     | Killed a boulder beetle
  9014 | D:11     | Found a staircase to the Orcish Mines.
  9048 | D:11     | Reached ***** piety under Makhleb
  9246 | D:11     | Found a glowing golden altar of the Shining One.
  9254 | D:11     | You fall into a shaft and drop 1 floor!
  9254 | D:12     | Noticed a tengu warrior
  9255 | D:12     | Noticed a storm dragon
  9257 | D:12     | Noticed a sixfirhy
  9316 | D:12     | Reached XP level 12. HP: 114/114 MP: 8/8
  9387 | D:11     | Noticed a two-headed ogre
  9393 | D:11     | Killed a two-headed ogre
  9807 | D:5      | Bought a +2 chain mail of poison resistance for 240 gold
                  | pieces
  9910 | Lair:1   | Entered Level 1 of the Lair of Beasts
 10010 | Lair:1   | Noticed a five-headed hydra
 10019 | Lair:1   | Killed a one-headed hydra
 10152 | Lair:1   | Reached skill level 10 in Fighting
 10503 | Lair:2   | Reached skill level 10 in Evocations
 11545 | Lair:3   | Noticed Urug
 11552 | Lair:3   | Killed Urug
 11627 | Lair:3   | Reached ****** piety under Makhleb
 11648 | Lair:3   | Reached XP level 13. HP: 119/129 MP: 9/9
 11861 | Lair:3   | Reached skill level 15 in Axes
 12797 | Lair:4   | Found a staircase to the Swamp.
 12862 | Lair:4   | You fall into a shaft and drop 2 floors!
 12862 | Lair:6   | Entered Level 6 of the Lair of Beasts
 13018 | Lair:5   | Identified a scroll of acquirement
 13020 | Lair:5   | Acquired a +2 hat of see invisible
 13437 | Lair:5   | Gained mutation: You resist negative energy. (rN+) [Deep
                  | Dwarf growth]
 13437 | Lair:5   | Reached XP level 14. HP: 138/138 MP: 10/10
 13461 | Lair:5   | Reached skill level 5 in Shields
 13727 | Lair:4   | Found a staircase to the Snake Pit.
 14221 | Lair:6   | Found a staircase to the Slime Pits.
 14911 | Lair:6   | Reached skill level 10 in Shields
 15568 | D:12     | Found a roughly hewn altar of Beogh.
 15823 | D:12     | Killed a storm dragon
 16068 | D:13     | Found Mes He Hua's Antique Weapon Shoppe.
 16173 | D:13     | Reached XP level 15. HP: 131/148 MP: 9/9
 16282 | D:13     | Noticed Snorg
 16285 | D:13     | Noticed Snorg
 16285 | D:13     | Snorg changed into Snorg the jumping spider
 16296 | D:13     | Killed Snorg the jumping spider
 16546 | D:13     | Found a portal to a secret trove of treasure.
 16857 | D:14     | Found a white marble altar of Elyvilon.
 16886 | D:14     | Found a gate to the Vaults.
 16926 | D:14     | Found a shadowy altar of Dithmenos.
 17130 | D:14     | Identified the ring of Hioku {MP+9 Int+7}
 17138 | D:14     | Reached skill level 15 in Fighting
 17342 | D:14     | Identified the Guide on the Quantum Blaze
 17687 | D:15     | Entered Level 15 of the Dungeon
 17697 | D:15     | Reached skill level 11 in Invocations
 17720 | D:15     | Paralysed by a floating eye for 2 turns
 17736 | D:15     | Found Xiocofuq's Weapon Boutique.
 17816 | D:15     | Got a sparkling wooden ring
 17819 | D:15     | Identified the ring of Nacsosuf {Ice rN+ Str-4 Stlth+} (You
                  | found it on level 15 of the Dungeon)
 17851 | D:15     | Reached skill level 12 in Invocations
 17851 | D:15     | Reached XP level 16. HP: 147/165 MP: 10/12
 17900 | D:15     | Found Yrchoef's Antique Weapon Shop.
 17944 | D:15     | Noticed Nessos
 17951 | D:15     | Paralysed by a floating eye for 3 turns
 17955 | D:15     | Killed Nessos
 18000 | D:15     | Got a clouded amber ring
 18002 | D:15     | Identified the ring "Tyeloh" {rC+ EV+4 Str+4} (You found it
                  | on level 15 of the Dungeon)
 18013 | D:15     | Noticed Jorgrun
 18023 | D:15     | Killed Jorgrun
 18024 | D:15     | Reached skill level 13 in Invocations
 18052 | D:15     | Found Tixulo's Book Shop.
 18091 | D:15     | Paralysed by a great orb of eyes for 7 turns
 18124 | D:15     | Reached skill level 14 in Invocations
 18156 | D:15     | Got a transparent lead ring
 18158 | D:15     | Identified the ring "Ywiunn" {Ice Int+5} (You found it on
                  | level 15 of the Dungeon)
 18283 | D:15     | Reached skill level 15 in Invocations
 18332 | D:15     | Noticed Azrael
 18347 | D:15     | Killed Azrael
 18419 | D:15     | Found a staircase to the Depths.
 18437 | D:15     | Found a transporter.
 18442 | D:15     | Paralysed by a chaos spawn for 4 turns
 18584 | Orc:1    | Entered Level 1 of the Orcish Mines
 18612 | Orc:1    | Found Yxaupnisk's Weapon Shop.
 18636 | Orc:1    | Reached skill level 16 in Invocations
 18750 | Orc:1    | Found Loeboqek's Magic Scroll Emporium.
 18759 | Orc:1    | Bought a scroll of identify for 30 gold pieces
 18759 | Orc:1    | Bought a scroll of enchant armour for 112 gold pieces
 18759 | Orc:1    | Bought a scroll of fog for 30 gold pieces
 18759 | Orc:1    | Bought a scroll of magic mapping for 52 gold pieces
 18759 | Orc:1    | Bought a scroll of holy word for 112 gold pieces
 19172 | D:13     | You paid a toll of 4 scrolls of fog to enter a treasure
                  | trove
 19173 | Trove    | Entered a treasure trove
 19344 | Orc:2    | Entered Level 2 of the Orcish Mines
 19374 | Orc:2    | Found a dark tunnel.
 19382 | Volcano  | Entered a volcano
 19816 | Orc:2    | Found Haabuyti's Gadget Shop.
 19864 | Orc:2    | Bought a tin of tremorstones (2/2) for 560 gold pieces
 19934 | Orc:2    | Found a staircase to the Elven Halls.
 20097 | Orc:2    | Found Jug Qij's Magic Scroll Shoppe.
 20099 | Orc:2    | Found Cimodwen's General Store.
 20127 | Orc:2    | Reached skill level 17 in Invocations
 20169 | Orc:2    | Bought a potion of might for 60 gold pieces
 20169 | Orc:2    | Bought a potion of invisibility for 120 gold pieces
 20179 | Orc:2    | Bought a scroll of acquirement for 728 gold pieces
 20179 | Orc:2    | Bought a scroll of brand weapon for 280 gold pieces
 20179 | Orc:2    | Bought a scroll of teleportation for 42 gold pieces
 20179 | Orc:2    | Bought a scroll of fear for 49 gold pieces
 20179 | Orc:2    | Bought a scroll of teleportation for 42 gold pieces
 20179 | Orc:2    | Bought a scroll of fog for 28 gold pieces
 20179 | Orc:2    | Bought a scroll of summoning for 133 gold pieces
 20179 | Orc:2    | Bought a scroll of identify for 28 gold pieces
 20179 | Orc:2    | Bought a scroll of identify for 28 gold pieces
 20181 | Orc:2    | Acquired 986 gold pieces
 20290 | Orc:2    | Found Fouz's Gadget Boutique.
 20290 | Orc:2    | Found Cetuumav's Antique Weapon Shop.
 20302 | Orc:2    | Reached skill level 18 in Invocations
 20302 | Orc:2    | Found a one-way gate leading to the halls of Pandemonium.
 20304 | Orc:2    | Bought a wand of acid (5) for 288 gold pieces
 20304 | Orc:2    | Bought a wand of paralysis (7) for 144 gold pieces
 20304 | Orc:2    | Bought a wand of paralysis (5) for 112 gold pieces
 20304 | Orc:2    | Bought a wand of iceblast (6) for 160 gold pieces
 20749 | Snake:1  | Entered Level 1 of the Snake Pit
 20785 | Snake:1  | Found Yphym's Antique Weapon Shoppe.
 20801 | Snake:1  | Reached XP level 17. HP: 172/172 MP: 5/17
 22292 | Snake:2  | Noticed Agnes
 22302 | Snake:2  | Killed Agnes
 22400 | Snake:2  | Noticed Vashnia
 22405 | Snake:2  | Noticed Aizul
 22432 | Snake:2  | Killed Aizul
 22445 | Snake:2  | Reached skill level 5 in Armour
 22458 | Snake:2  | Killed Vashnia
 23485 | Snake:3  | Gained mutation: You passively map a large area around you.
                  | [Deep Dwarf growth]
 23485 | Snake:3  | Reached XP level 18. HP: 181/181 MP: 17/17
 23544 | Snake:3  | Reached skill level 10 in Armour
 24604 | Snake:4  | Entered Level 4 of the Snake Pit
 25008 | Snake:4  | Found a runed translucent door.
 25009 | Snake:4  | Noticed Gygal Fez's ghost (adept MiFi)
 25359 | Snake:4  | Got a serpentine rune of Zot
 25727 | Vaults:1 | Entered Level 1 of the Vaults
 26316 | Vaults:1 | Found Qupug's Book Shop.
 26424 | Vaults:1 | Reached XP level 19. HP: 198/198 MP: 12/12
 26427 | Vaults:1 | Found Jasadwoh's Weapon Boutique.
 27106 | Vaults:1 | Acquired the amulet "Keafog" {Acrobat +Blink rElec rN+
                  | Str-2}
 29028 | Vaults:3 | Found a staircase to the Crypt.
 29028 | Vaults:3 | Found an ancient bone altar of Kikubaaqudgha.
 29029 | Vaults:3 | Found a basalt altar of Yredelemnul.
 29449 | Vaults:3 | Reached XP level 20. HP: 213/213 MP: 13/13
 29794 | Vaults:4 | Found Piho's Magic Scroll Shoppe.
 29801 | Vaults:4 | Bought a scroll of identify for 30 gold pieces
 29801 | Vaults:4 | Bought a scroll of identify for 30 gold pieces
 29801 | Vaults:4 | Bought a scroll of enchant armour for 112 gold pieces
 29801 | Vaults:4 | Bought a scroll of teleportation for 45 gold pieces
 31187 | Depths:1 | Entered Level 1 of the Depths
 31395 | Depths:1 | Noticed a pearl dragon
 31402 | Depths:1 | Killed a pearl dragon
 31424 | Depths:1 | Found a glowing silver altar of Zin.
 31424 | Depths:1 | Found a white marble altar of Elyvilon.
 31424 | Depths:1 | Found a glowing golden altar of the Shining One.
 31503 | Depths:1 | Found a gateway to Hell.
 31573 | Depths:1 | Found a one-way gate to the infinite horrors of the Abyss.
 31738 | Depths:1 | Reached XP level 21. HP: 223/223 MP: 13/13
 31935 | Depths:1 | Gained mutation: You have a pair of small antennae on your
                  | head. [a cacodemon]
 32332 | Depths:2 | Found a gateway to a ziggurat.
 32806 | Depths:2 | Found Qoviovir's Book Shop.
 33227 | Depths:3 | Reached skill level 15 in Armour
 33227 | Depths:3 | Reached skill level 15 in Shields
 33429 | Depths:3 | Noticed Jory
 33447 | Depths:3 | Killed Jory
 33469 | Depths:3 | Reached skill level 19 in Invocations
 33780 | Depths:3 | Noticed a caustic shrike
 33781 | Depths:3 | Noticed a caustic shrike
 34306 | Depths:4 | Paralysed by a floating eye for 4 turns
 34313 | Depths:4 | Reached skill level 20 in Invocations
 34379 | Depths:4 | Noticed a caustic shrike
 34389 | Depths:4 | Killed a caustic shrike
 34413 | Depths:4 | Noticed a caustic shrike
 34414 | Depths:4 | Reached XP level 22. HP: 228/232 MP: 11/11
 34416 | Depths:4 | Killed a caustic shrike
 34429 | Depths:4 | Reached skill level 21 in Invocations
 34671 | Depths:4 | Found a corrupted altar of Lugonu.
 35045 | Depths:5 | Entered Level 5 of the Depths
 35150 | Depths:5 | Reached skill level 22 in Invocations
 35456 | Depths:5 | Reached skill level 23 in Invocations
 35490 | Depths:5 | Found a gate to the Realm of Zot.
 36043 | Depths:5 | Reached skill level 24 in Invocations
 36643 | Vaults:5 | Entered Level 5 of the Vaults
 36655 | Vaults:5 | Reached XP level 23. HP: 240/240 MP: 10/10
 36668 | Vaults:5 | Reached skill level 25 in Invocations
 36802 | Vaults:5 | Found Gedwoxar's Distillery.
 36828 | Vaults:5 | Reached skill level 26 in Invocations
 36860 | Vaults:5 | Got a silver rune of Zot
 36876 | Vaults:5 | Noticed Bai Suzhen
 36896 | Vaults:5 | Killed Bai Suzhen
 37321 | Swamp:1  | Entered Level 1 of the Swamp
 37472 | Swamp:4  | Entered Level 4 of the Swamp
 37526 | Swamp:4  | Got a pair of brightly glowing gloves
 37527 | Swamp:4  | Identified the +0 pair of gloves of Honour {rPois rC-
                  | Regen+ Str-3} (You found it on level 4 of the Swamp)
 37599 | Swamp:4  | Noticed Roxanne
 37722 | Swamp:4  | Reached skill level 27 in Invocations
 37783 | Swamp:4  | Got a decaying rune of Zot
 38228 | Zot:1    | Entered Level 1 of the Realm of Zot
 38228 | Zot:1    | Noticed a curse toe
 38388 | Depths:5 | Killed a curse toe
 38525 | Zot:1    | Noticed a curse toe
 38554 | Zot:1    | Killed a curse toe
 38555 | Zot:1    | Reached XP level 24. HP: 144/252 MP: 5/5
 39132 | Zot:5    | Entered Level 5 of the Realm of Zot
 39170 | Zot:5    | Identified the +4 dragonskin cloak
 39170 | Zot:5    | Noticed Tiamat
 39171 | Zot:5    | Noticed an ancient lich
 39173 | Zot:5    | Noticed a Killer Klown
 39174 | Zot:5    | Noticed an orb of fire
 39174 | Zot:5    | Noticed a Killer Klown
 39174 | Zot:5    | Noticed a Killer Klown
 39174 | Zot:5    | Noticed a Killer Klown
 39179 | Zot:5    | Got the Orb of Zot
 39199 | Zot:5    | Noticed an orb of fire
 39199 | Zot:5    | Noticed an orb of fire
 39227 | Zot:5    | Reached skill level 15 in Evocations
 39319 | Zot:4    | Noticed Nuligg the pandemonium lord
 39321 | Zot:4    | Noticed an ancient lich
 39332 | Zot:4    | Killed an ancient lich
 39333 | Zot:4    | Killed Nuligg the pandemonium lord
 39348 | Zot:3    | Noticed a Killer Klown
 39717 | D:7      | Noticed Zanom the pandemonium lord
 39861 | D:$      | Escaped with the Orb!

Illustrated notes

Levels and vault maps discovered:
D:1:      lightli_arrival_statuegarden, layout_basic, minmay_small_reverse_x
D:2:      layout_basic, fedhas_altar_3
D:3:      layout_basic, grunt_temple_overflow_open, grunt_decor_junction,
          uniq_grinder, uniq_terence
D:4:      layout_basic, lightli_ossuary_entry_decrepit_ruins,
          minmay_starry_boxes, uniq_sigmund, uniq_menkaure, uniq_robin
D:5:      layout_basic, nicolae_overflow_hidden_temple,
          minmay_temple_entry_fiery, serial_shops, nicolae_shop_statue_plus,
          nicolae_shop_statue_plus, nicolae_shop_temple_entry_statues_fountains,
          uniq_crazy_yiuf_cottage
D:6:      layout_layer_cave, uniq_pikel
D:7:      layout_loops_corners, gammafunk_temple_overflow_pools,
          lemuel_zombie_altar_yredelemnul, gammafunk_temple_overflow_elements,
          serial_bayou_pond_c, uniq_maggie, uniq_prince_ribbit1
D:8:      layout_layer_cave, mrwooster_statue_mirror, minmay_hedge_maze,
          st_stairs_11, minmay_chambers_of_fives
D:9:      argonaut_augean_stables, layout_basic, overflow_temple_1_default,
          kennysheep_little_box, minmay_misc_feat_columns
D:10:     layout_irregular_city, lair_entry_dummy
D:11:     layout_basic, hiddenorc2_lemuel, basic_altar
D:12:     wad_statue_garden, layout_basic, special_room [special_room_orc]
D:13:     layout_roguey, portal_ice_cave_rime, enter_bailey_6,
          serial_corexii_hall, corexii_hall_statues_x, chequers_hall_statues_y,
          serial_shops, nicolae_shop_window_shopping, enter_trove_0, uniq_snorg
D:14:     minmay_the_grid_square_5x5_5x5_mashed [minmay_the_grid_square_5x5_meh,
          minmay_the_grid_square_5x5_shrine2,
          minmay_the_grid_square_5x5_hollow_slash,
          minmay_the_grid_square_5x5_bridge,
          minmay_the_grid_square_5x5_beaten_path, minmay_the_grid_square_5x5_v,
          minmay_the_grid_square_5x5_prize_monsterx,
          minmay_the_grid_square_5x5_lines,
          minmay_the_grid_square_5x5_prize_snowflake,
          minmay_the_grid_square_5x5_checkered_sparse,
          minmay_the_grid_square_5x5_gyroscope,
          minmay_the_grid_square_5x5_inner_v,
          minmay_the_grid_square_5x5_prize_gold,
          minmay_the_grid_square_5x5_one_wall,
          minmay_the_grid_square_5x5_almost_minimal,
          minmay_the_grid_square_5x5_forky,
          minmay_the_grid_square_5x5_prize_waves,
          minmay_the_grid_square_5x5_dogpile,
          minmay_the_grid_square_5x5_prize_open,
          minmay_the_grid_square_5x5_plus, minmay_the_grid_square_5x5_bite,
          minmay_the_grid_square_5x5_shuriken,
          minmay_the_grid_square_5x5_two_small,
          minmay_the_grid_square_5x5_percent,
          minmay_the_grid_square_5x5_minimal], layout_cross, david_vaults_2,
          grunt_dithmenos_smoke_and_mirrors, elyvilon_altar_4
D:15:     hangedman_spin_cycle, uniq_jorgrun, uniq_nessos
Temple:   nicolae_temple_hex_pool
Lair:1:   layout_long_grid, st_stairs_9, lemuel_fruit_tree, grunt_megastairs_5
Lair:2:   layout_concentric_octagons, grunt_megastairs_3
Lair:3:   layout_regular_city, grunt_megastairs_4, serial_bayou_shore_a,
          uniq_urug
Lair:4:   layout_roguey, nicolae_swamp_entry_splash_gauntlet,
          minmay_snake_entry_six_corridors, grunt_forest_large_clearings,
          serial_bayou_shore_b
Lair:5:   layout_regular_city, hangedman_lair_generics_rect
Lair:6:   grunt_lair_end_beastmaster, layout_cave_pods,
          nicolae_slime_entry_slimehenge
Swamp:1:  layout_basic_swamp, hangedman_swamp_diagram, uniq_donald, uniq_nikola
Swamp:2:  layout_basic_swamp, evilmike_swamp_ruin_house_5,
          infiniplex_staircase_pool
Swamp:3:  layout_basic_swamp, evilmike_swamp_ruin_house_2
Swamp:4:  nzn_swamp_witches_coven, layout_basic_swamp, swamp_pool1,
          uniq_roxanne, uniq_mara
Snake:1:  layout_chambers, serial_shops, shop, grunt_megastairs_2
Snake:2:  kennysheep_six_static_rooms, layout_layer_cave, uniq_vashnia,
          uniq_aizul, uniq_agnes
Snake:3:  nicolae_snakescales, layout_honeycomb, drop_trap, library_closet,
          abandoned_shop, st_stairs_13, grunt_ministairs_15
Snake:4:  minmay_snake_end_coiled, layout_misc_corridors, special_room,
          gammafunk_ghost_grave, nicolae_snake_serpentine_hallways
Orc:1:    layout_diamond_mine, serial_shops,
          nicolae_shop_temple_entry_statues_fountains, nicolae_shop_crystal,
          mines5_lemuel
Orc:2:    pf_orc_diabolical, layout_diamond_mine, serial_shops, shop_statue,
          enter_volcano_2
Vaults:1: st_lattice, v_alt_pattern_1, ontoclasm_vaults_ring_large,
          ontoclasm_vaults_ring_square, vaults_room_ringed_pool,
          vaults_room_octagon, ontoclasm_vaults_bender, v_rooms_3,
          nicolae_vaults_sealed_display, nicolae_vaults_little_squares_3,
          v_pattern_3, ontoclasm_vaults_misaligned, layout_vaults_ring,
          serial_shops, shop, shop
Vaults:2: grunt_vaults_diagonal, hangedman_vaults_snaps,
          nicolae_vaults_know_your_exits, hangedman_vaults_corner_blocks,
          v_alt_pattern_3, ontoclasm_vaults_tryst, hangedman_vaults_trim,
          v_misc_23, grunt_vaults_hallway_short, nicolae_vaults_gold_heap,
          layout_vaults_quadrants
Vaults:3: minmay_crypt_entry_necro_gods, vaults_mumra_minichess,
          nicolae_vaults_specimen_jars, vaults_mumra_chevron_long, v_misc_1,
          nicolae_vaults_mini_display_case, v_rooms_5, ontoclasm_vaults_spin,
          v_rooms_1, v_misc_17, ontoclasm_vaults_ligature, st_star,
          layout_vaults_maze_bifur, uniq_margery
Vaults:4: ontoclasm_vaults_twist, nicolae_vaults_stairing_the_circle,
          grunt_vaults_swirl, ontoclasm_vaults_fault, v_rooms_2,
          hangedman_vaults_nails, vaults_room_corners, vaults_dpeg_ring,
          ontoclasm_vaults_ring_small, st_spiral_rooms, v_misc_5,
          layout_vaults_big_room, serial_shops, shop
Vaults:5: uniq_sojobo, uniq_bai_suzhen
Depths:1: layout_long_grid, rand_demon_pan_entry_7, pf_hell_entry_tar_spiral,
          abyss_entry, roderic_serpentine_path, minivault_14, st_stairs_13,
          hallowed_hall, serial_bayou_shore_b, serial_bayou_shore_b
Depths:2: cheibrodos_lost_city_excavation, layout_cave_pools, enter_ziggurat_b,
          serial_shops, kennysheep_mini, hellmouth_1, minmay_misc_feat_hallway,
          kennysheep_inner_square
Depths:3: nzn_winding_woodlands_medium [nzn_winding_woodlands_5x5_open_star,
          nzn_winding_woodlands_5x15_sidewinder,
          nzn_winding_woodlands_5x5_three,
          nzn_winding_woodlands_5x5_closed_star,
          nzn_winding_woodlands_center_diamonds,
          nzn_winding_woodlands_5x5_checkerboard,
          nzn_winding_woodlands_5x5_default, nzn_winding_woodlands_5x15_crooked,
          nzn_winding_woodlands_5x5_default], layout_gridlike,
          grunt_decor_one_mirror, grunt_pan_entry_sceptre,
          grunt_hell_entry_dis_old, uniq_jory
Depths:4: minmay_octo_star, layout_cave_shapes, abyss_entry_flame_altar,
          amcnicky_mini_rare_corridor_liquid, grunt_metal_band,
          minmay_misc_feat_enclosed, lightli_corner_chamber
Depths:5: lemuel_castle_with_subvaults [lemuel_castle_interior_original],
          layout_cave_pools, hangedman_coc_ice_floe, grunt_pan_entry_in_and_out
Zot:1:    layout_cathedral_of_symmetry, grunt_megastairs_1
Zot:2:    layout_basic, lemuel_baited_zot_trap
Zot:3:    layout_gridlike, hangedman_zot_decor_slant, zot_minivault_1
Zot:4:    grunt_twist_and_shout, layout_cathedral_of_symmetry,
          nicolae_zot_crop_circle
Zot:5:    layout_onion, uniq_tiamat

Skill      XL: |  1  2  3  4  5  6  7  8  9 10 11 12 13 14 15 16 17 18 19 20 21 22 23 24 |
---------------+-------------------------------------------------------------------------+-----
Fighting       | 3 6 9 12 13 16 18 20 21 22 | 22.0
Axes           | 3 4 7 8 10 13 14 17 18 20 | 20.0
Dodging        | 4 |  4.0
Armour         | 4 9 10 13 15 | 15.0
Shields        | 4 10 13 15 | 15.0
Invocations    | 9 10 12 18 20 24 27 | 27.0
Evocations     | 8 10 17 | 17.1

Action                   |  1- 3 |  4- 6 |  7- 9 | 10-12 | 13-15 | 16-18 | 19-21 | 22-24 || total
-------------------------+-------+-------+-------+-------+-------+-------+-------+-------++-------
Melee: War axe           |   148 |    92 |   377 |       |       |       |       |       ||   617
       Broad axe         |       |       |    15 |   651 |  1099 |  1278 |  1322 |  1203 ||  5568
       Unarmed           |       |       |       |       |       |       |       |     6 ||     6
Invok: Greater Servant o |       |       |       |       |       |       |       |     1 ||     1
 Abil: Heal Wounds       |     2 |     5 |    18 |    16 |    14 |    15 |    24 |    32 ||   126
Evoke: Wand              |       |       |     6 |     3 |    10 |     4 |     2 |    20 ||    45
       Phial of floods   |       |       |       |     1 |       |     2 |       |       ||     3
       Phantom mirror    |       |       |       |     1 |     1 |     1 |     1 |     1 ||     5
       Tin of tremorston |       |       |       |       |       |     2 |     3 |     3 ||     8
       Condenser vane    |       |       |       |       |       |     1 |     3 |     5 ||     9
  Use: Scroll            |       |       |     9 |    22 |    17 |    16 |     7 |    50 ||   121
       Potion            |       |       |     6 |     1 |     7 |     2 |     4 |    30 ||    50
 Stab: Invisible         |       |       |     1 |       |     7 |       |     4 |     2 ||    14
       Petrified         |       |       |       |       |     5 |       |       |       ||     5
       Petrifying        |       |       |       |       |     4 |       |       |       ||     4
       Distracted        |       |       |       |       |     1 |       |     2 |     1 ||     4
       Confused          |       |       |       |       |       |       |       |     3 ||     3
Armor: Scale mail        |    74 |    54 |   103 |       |       |       |       |       ||   231
       Chain mail        |       |       |    45 |   156 |   460 |   335 |       |       ||   996
       Plate armour      |       |       |       |   153 |       |     5 |   305 |   476 ||   939
       Skin              |       |       |       |       |     9 |       |       |       ||     9
       Gold dragon scale |       |       |       |       |       |       |       |    73 ||    73
Dodge: Dodged            |    42 |    26 |   100 |   198 |   365 |   434 |   362 |   476 ||  2003
Block: Kite shield       |    86 |    55 |   195 |   367 |   710 |   491 |       |       ||  1904
       Tower shield      |       |       |       |       |       |   509 |  1136 |  1314 ||  2959
